Map: Oxide LE

Players

Euweb

  • Race: Terran Terran
  • League: Grandmaster

SacredCoco - Winner!

  • Race: Zerg Zerg
  • League: Master

VOD

Have the link to the VOD?

Description

Time

  • Played on: Aug. 13, 2021, 2:34 p.m.
  • Length: 11:29
Show
View Real Time Build Order
Export as new Build Order

Euweb Terran 

Build Orders: Reaper Expand, Hellion Banshee 

Get SALT Encoding   

  12  0:00  SCV  
  13  0:12  SCV  
  14  0:17  Supply Depot  
  14  0:24  SCV  
  15  0:39  SCV  
  15  0:40  Barracks  
  16  0:45  Refinery  
  16  0:51  SCV  
  17  1:03  SCV  
  18  1:15  SCV  
  19  1:28  Orbital Command, Reaper  
  20  1:41  Command Center  
  20  1:54  SCV  
  20  1:55  Supply Depot  
  20  2:00  Marine  
  21  2:13  SCV  
  20  2:17  Factory  
  20  2:21  Barracks Reactor  
  20  2:24  Command Center  
  20  2:26  SCV  
  21  2:34  Refinery  
  21  2:38  SCV  
  22  2:50  SCV  
  23  3:02  SCV  
  23  3:03  Starport  
  24  3:14  SCV  
  24  3:18  Hellion x2  
  24  3:19  Barracks Tech Lab  
  29  3:26  SCV  
  30  3:38  SCV  
  30  3:39  Hellion x2  
  34  3:45  Orbital Command  
  34  3:50  SCV  
  34  3:53  Banshee  
  38  4:02  Supply Depot, SCV  
  41  4:10  Hellion x2  
  41  4:14  SCV  
  44  4:21  Supply Depot, SCV  
  45  4:26  SCV  
  46  4:34  SCV  
  46  4:37  Supply Depot  
  46  4:38  SCV  
  48  4:40  Banshee  
  51  4:46  SCV  
  51  4:47  Factory Tech Lab  
  51  4:52  Marine x2  
  54  4:53  SCV  
  54  4:58  Supply Depot  
  55  5:00  Barracks  
  55  5:01  Cloaking Field  
  55  5:02  Barracks  
  55  5:03  SCV  
  56  5:08  Siege Tank  
  56  5:13  SCV  
  60  5:14  Bunker  
  60  5:15  SCV  
  61  5:22  Marine  
  61  5:23  Marine  
  61  5:26  SCV  
  61  5:27  SCV  
  65  5:29  Refinery  
  65  5:34  Command Center  
  65  5:43  Siege Tank  
  65  5:45  SCV x2  
  70  5:51  Barracks Reactor  
  70  5:55  Refinery  
  70  5:57  SCV x2  
  70  6:01  Marine x2  
  74  6:05  Engineering Bay  
  74  6:06  Engineering Bay  
  74  6:09  SCV x2  
  74  6:10  Supply Depot  
  76  6:15  Siege Tank  
  79  6:27  Stimpack, Marine  
  79  6:28  Starport Reactor, Marine  
  79  6:29  Marine  
  79  6:30  Marine  
  83  6:38  Terran Infantry Armor Level 1, Terran Infantry Weapons Level 1  
  83  6:40  SCV  
  83  6:45  Marine  
  83  6:46  Supply Depot  
  85  6:47  Marine  
  85  6:53  SCV  
  85  6:54  Marine x2  
  87  6:55  Siege Tank  
  87  6:57  SCV  
  87  7:00  Orbital Command  
  93  7:07  Medivac, Marine x3  
  98  7:15  SCV  
  99  7:16  Marine x2  
  99  7:21  SCV  
  102  7:22  Supply Depot  
  102  7:29  Orbital Command  
  102  7:31  Marine x2  
  102  7:32  Siege Tank, Marine  
  102  7:34  Missile Turret, Marine  
  102  7:36  Missile Turret  
  109  7:39  Armory  
  109  7:50  Marine x3  
  112  7:53  SCV  
  112  7:54  SCV  
  112  7:56  SCV  
  115  8:00  Marine x2  
  115  8:01  Medivac x2  
  115  8:05  SCV  
  122  8:16  Marine x2  
  124  8:23  Marine x2  
  124  8:25  Marine  
  98  8:32  Medivac x2, Siege Tank  
  98  8:33  Marine  
  98  8:34  Marine  
  94  8:41  Marine x2  
  94  8:43  Marine  
  94  8:44  Factory, Terran Infantry Armor Level 2, Terran Infantry Weapons Level 2  
  97  8:51  Marine x2  
  99  8:59  Marine x2  
  99  9:00  Marine  
  102  9:04  Siege Tank  
  102  9:08  Combat Shield  
  102  9:09  Marine x2  
  101  9:10  SCV x2  
  101  9:11  SCV  
  101  9:12  Supply Depot  
  101  9:13  Refinery  
  101  9:16  Medivac x2  
  101  9:17  Marine x2  
  108  9:22  SCV  
  108  9:23  Barracks x2  
  111  9:31  Marine  
  111  9:32  Factory Tech Lab, Marine x2  
  111  9:33  SCV  
  111  9:34  Marine  
  111  9:35  SCV  
  117  9:39  Bunker  
  117  9:49  Marine x2  
  117  9:51  SCV  
  103  9:55  Marine x3  
  103  9:56  Siege Tank x2  
  97  10:03  SCV  
  97  10:04  SCV  
  89  10:07  Marine x2  
  89  10:13  Marine x2  
  93  10:15  SCV  
  93  10:16  Orbital Command, SCV  
  95  10:22  Barracks Reactor  
  95  10:27  SCV  
  95  10:28  Barracks Tech Lab, SCV  
  97  10:31  Siege Tank x2  
  97  10:32  Marauder, Marine x2  
  107  10:43  Marine x2  
  111  10:50  Marauder  
  111  10:53  Marauder  
  111  10:55  Marine  
  114  11:01  Marine x2  
Show
View Real Time Build Order
Export as new Build Order

SacredCoco Zerg - Winner!

Build Orders: Pool First, Roach Hydra 

Get SALT Encoding   

  12  0:18  Spawning Pool  
  11  0:22  Drone  
  12  0:28  Drone  
  13  0:36  Drone  
  13  0:39  Overlord  
  14  1:05  Zergling x4  
  14  1:06  Zergling x2  
  17  1:16  Hatchery  
  16  1:26  Queen  
  16  1:30  Drone  
  19  1:34  Drone  
  19  1:39  Drone  
  21  1:49  Overlord  
  21  2:03  Drone  
  21  2:07  Queen  
  23  2:11  Drone  
  24  2:21  Drone  
  23  2:28  Drone  
  24  2:31  Queen  
  24  2:32  Drone  
  24  2:35  Drone x2  
  24  2:36  Drone  
  30  2:38  Drone  
  30  2:43  Overlord  
  31  2:55  Drone x2  
  32  3:02  Drone  
  33  3:06  Drone x2  
  33  3:07  Drone  
  33  3:12  Drone x2  
  38  3:15  Drone  
  38  3:16  Drone x2  
  38  3:18  Drone  
  42  3:21  Queen  
  44  3:43  Extractor  
  44  3:45  Overlord x2, Extractor  
  44  3:47  Drone x3, Spine Crawler  
  44  3:54  Evolution Chamber  
  44  3:55  Evolution Chamber  
  42  3:57  Roach Warren  
  42  4:00  Drone  
  42  4:01  Drone x2  
  44  4:04  Drone x4, Extractor  
  44  4:06  Extractor  
  46  4:10  Drone  
  46  4:15  Drone  
  48  4:19  Drone  
  49  4:24  Drone x4  
  49  4:25  Drone x2  
  55  4:32  Drone x2  
  55  4:33  Lair  
  57  4:39  Zerg Missile Weapons Level 1  
  57  4:46  Drone x2  
  57  4:49  Drone  
  57  4:50  Overlord x2  
  60  4:52  Spore Crawler  
  60  4:54  Spore Crawler  
  60  4:55  Zerg Ground Armor Level 1  
  60  4:57  Drone  
  60  4:58  Drone  
  60  5:08  Queen  
  60  5:14  Drone x4  
  66  5:22  Drone x4  
  72  5:28  Roach x3  
  76  5:36  Overlord x2  
  76  5:45  Overlord x2  
  76  5:47  Glial Reconstitution  
  76  6:03  Overlord x2  
  76  6:08  Roach x3  
  76  6:09  Roach x3  
  76  6:10  Hatchery  
  87  6:17  Overlord x2  
  87  6:20  Drone, Hydralisk Den  
  87  6:22  Roach x2  
  91  6:27  Overseer  
  91  6:33  Roach x2  
  91  6:34  Hatchery  
  94  6:45  Roach x4  
  102  6:48  Zerg Missile Weapons Level 2  
  102  6:49  Overlord x2  
  102  6:50  Overlord  
  102  7:08  Hydralisk x6  
  114  7:17  Muscular Augments  
  114  7:23  Pneumatized Carapace  
  114  7:28  Drone x6  
  114  7:29  Drone  
  121  7:32  Drone x3  
  121  7:34  Drone  
  125  7:37  Extractor  
  125  7:41  Extractor, Spore Crawler  
  122  7:46  Hydralisk x2  
  122  7:50  Overseer  
  126  7:53  Zerg Ground Armor Level 2  
  126  8:01  Drone x5  
  126  8:03  Spore Crawler  
  130  8:08  Hydralisk x3  
  130  8:10  Roach  
  136  8:22  Roach x5  
  130  8:28  Hydralisk, Grooved Spines  
  130  8:29  Hydralisk x3  
  130  8:31  Overlord  
  136  8:43  Overseer x3  
  132  8:49  Hydralisk x2  
  132  8:50  Hydralisk x3  
  132  8:54  Hydralisk x2  
  142  8:57  Drone x6  
  146  9:06  Hydralisk x4  
  154  9:13  Roach x4  
  162  9:19  Overlord x2  
  164  9:24  Roach x3  
  168  9:33  Overlord  
  168  9:34  Overlord x3  
  148  9:54  Hydralisk x12  
  168  10:03  Roach x5  
  178  10:17  Hatchery  
  178  10:19  Hydralisk x2  
  181  10:26  Drone x5  
  186  10:29  Extractor  
  186  10:30  Extractor  
  184  10:35  Hydralisk x3  
  184  10:36  Hydralisk x2  
  194  10:49  Baneling Nest  
Tags
 
Add a new tag
Caveats
  • Supply blocks, unpowered buildings, or Contaminate may cause inaccurate times.
  • Supply counts are checked every 10 seconds.